 Dungeon Crawl Stone Soup version 0.30.0-17-ge0270778cf (webtiles) character file.

Game seed: 16063100797231376522

12051 browni3141 the Thaumaturge (level 11, -4/77 HPs)
             Began as a Mummy Summoner on May 21, 2023.
             Was an Elder of Kikubaaqudgha.
             Killed by divine providence
             ... invoked by a meliai
              (11 damage)
             ... on level 10 of the Dungeon.
             The game lasted 00:18:04 (9893 turns).

browni3141 the Thaumaturge (Mummy Summoner)         Turns: 9893, Time: 00:18:05

Health: -4/77      AC: 15    Str: 13    XL:     11   Next: 57%
Magic:  16/26      EV: 11    Int: 20    God:    Kikubaaqudgha [****..]
Gold:   1472       SH:  0    Dex: 14    Spells: 2/32 levels left

rFire   x . .        Y - +5 spear "Hith" {vamp, rPois Int+2 Dex+2}
rCold   + . .        (no shield)
rNeg    + + +        s - +0 acid dragon scales
rPois   ∞            W - +0 helmet
rElec   .            U - +0 cloak
rCorr   +            M - +0 pair of gloves
SInv    .            C - +1 pair of boots
Will    +....        z - amulet of the acrobat
Stlth   +            d - +4 ring of protection
HPRegen 0.32/turn    v - +4 ring of slaying
MPRegen 0.20/turn

%: acrobat, faith
@: animating dead
A: cold resistance 1, negative energy resistance 3, torment resistance 2, heat
vulnerability 1, in touch with death 1, no potions, faith
a: Renounce Religion, Unearth Wretches


You were on level 10 of the Dungeon.
You worshipped Kikubaaqudgha.
Kikubaaqudgha was greatly pleased with you.
You visited 2 branches of the dungeon, and saw 11 of its levels.
You also visited: Bailey.

You collected 1472 gold pieces.

Inventory:

Hand Weapons
 e - a +0 dagger
 q - a +2 flail of protection
 r - a +0 trident of flaming
 u - a +1 long sword of electrocution
 y - a +1 spear of venom
 L - a +3 dagger
 Y - the +5 spear "Hith" (weapon) {vamp, rPois Int+2 Dex+2}
   (You found it on level 2 of the Dungeon)

   Int:       It affects your intelligence (+2).
   Dex:       It affects your dexterity (+2).
   rPois:     It protects you from poison.
Missiles
 A - 2 curare-tipped darts
 I - 22 poisoned darts
 J - 10 datura-tipped darts
 T - 26 boomerangs
 Z - 3 throwing nets
Armour
 a - a +0 robe
 s - +0 acid dragon scales (worn)
 t - a +0 cloak
 w - a +0 pair of boots of flying
 C - a +1 pair of boots (worn)
 D - a +0 cloak
 M - a +0 pair of gloves (worn)
 O - a +0 pair of boots
 Q - a +0 cloak
 U - a +0 cloak (worn)
 W - a +0 helmet (worn)
 X - a +0 leather armour
Magical Staves
 P - a staff of cold
Jewellery
 d - a +4 ring of protection (left hand)
 v - a +4 ring of slaying (right hand)
 x - a ring of flight
 z - an amulet of the acrobat (around neck)
Wands
 p - a wand of polymorph (11)
 E - a wand of mindburst (9)
Scrolls
 b - 2 scrolls of acquirement {unknown}
 c - 5 scrolls of identify {unknown}
 B - 2 scrolls of noise {unknown}
 F - 2 scrolls of fog
 G - a scroll of immolation {unknown}
 H - a scroll of poison {unknown}
 K - a scroll of fear {unknown}
 N - 4 scrolls of enchant weapon {unknown}
 R - 2 scrolls of torment {unknown}
 S - 6 scrolls of teleportation {unknown}
 V - a scroll of butterflies {unknown}


   Skills:
 - Level 4.0 Fighting
 - Level 3.0 Polearms
 - Level 1.5 Dodging
 - Level 1.5 Stealth
 + Level 11.1 Spellcasting
 + Level 0.9 Conjurations
 * Level 10.3 Summonings
 * Level 9.0 Necromancy
 - Level 3.0 Air Magic
 + Level 0.9 Poison Magic


You had 2 spell levels left.
You knew the following spells:

 Your Spells              Type           Power      Damage    Failure   Level
a - Call Canine Familiar  Summ           51%        N/A       1%          3
b - Summon Cactus Giant   Summ           25%        N/A       21%         6
d - Animate Dead          Necr           63%        N/A       2%          4
g - Summon Guardian Gole  Hex/Summ       31%        N/A       3%          3
l - Summon Lightning Spi  Summ/Air       37%        N/A       6%          4
m - Mephitic Cloud        Conj/Pois/Air  17%        N/A       14%         3
u - Dispel Undead         Necr           63%        3d22      2%          4
x - Call Imp              Summ           100%       N/A       1%          2
z - Summon Small Mammal   Summ           100%       N/A       1%          1

Your spell library contained the following spells:

 Spells                   Type           Power      Damage    Failure   Level
 Kiss of Death            Conj/Necr      100%       2d13      1%          1
 Necrotise                Necr           100%       1d9       1%          1
 Cigotuvi's Dreadful Rot  Necr/Pois/Air  84%        N/A       2%          2
 Poisonous Vapours        Pois/Air       38%        N/A       6%          2
 Sting                    Tmut/Pois      52%        1d5       8%          1
 Ensorcelled Hibernation  Hex/Ice        22%        N/A       14%         2
 Scorch                   Fire           22%        2d5       14%         2
 Animate Armour           Summ/Erth      62%        N/A       11%         4
 Anguish                  Hex/Necr       21%        N/A       14%         4
 Frozen Ramparts          Ice            22%        1d4       26%         3
 Portal Projectile        Hex/Tloc       22%        N/A       26%         3
 Borgnjor's Vile Clutch   Necr/Erth      21%        N/A       36%         5
 Olgreb's Toxic Radiance  Pois           14%        N/A       52%         4
 Flame Wave               Conj/Fire      13%        2d6       58%         4
 Leda's Liquefaction      Hex/Erth       5%         N/A       65%         4
 Freezing Cloud           Conj/Ice/Air   8%         6-21      82%         5
 Simulacrum               Ice/Necr       21%        N/A       91%         6
 Yara's Violent Unravell  Hex/Tmut       5%         3d4       94%         5
 Iron Shot                Conj/Erth      6%         9d2       100%        6
 Wereblood                Tmut           Unusable   N/A       N/A         2
 Spider Form              Tmut/Pois      Unusable   N/A       N/A         3
 Blade Hands              Tmut           Unusable   N/A       N/A         5
 Dragon Form              Tmut           Unusable   N/A       N/A         7

Dungeon Overview and Level Annotations

Branches:
Dungeon (10/15)            Temple (1/1) D:6            Lair (0/5) D:9
 Bailey (visited)
    Orc: D:9-12

Altars:
Ashenzari
Cheibriados
Dithmenos
Fedhas
Gozag
Hepliaklqana
Kikubaaqudgha
Makhleb
Nemelex Xobeh
Okawaru
Qazlal
Ru
Sif Muna
Trog
Uskayaw
Vehumet
Wu Jian
Xom
Yredelemnul
Jiyva

Shops:
D:3 (   D:10 [

Annotations:
D:10 3 runed translucent doors, Kelyas's ghost, novice SpEn


Innate Abilities, Weirdness & Mutations

You are immune to poison.
Your flesh is cold resistant. (rC+)
You are immune to negative energy. (rN+++)
You are immune to unholy pain and torment.
You are vulnerable to heat. (rF-)
You are in touch with the powers of death.
You do not drink.
You have a special connection with the divine. (Faith)


Message History

The yak dies!
Kikubaaqudgha accepts your kill.
Your Necromancy skill increases to level 9!
You are too injured to fight recklessly!
You are too injured to fight recklessly!
You are too injured to fight recklessly!
You puncture the yak!
You feel better.
The yak is almost dead.
The yak barely misses you.
You closely miss the yak.
The yak is almost dead.
The yak barely misses you.
You hit the yak but do no damage.
The yak is almost dead.
The gargoyle hits your yak zombie with a +0 mace!!
The yak gores you but does no damage.
Your yak zombie gores the yak!
The yak dies!
Kikubaaqudgha accepts your kill.
Casting: Call Canine Familiar (safe; 1% risk of failure)
Confirm with . or Enter, or press ? or * to list all spells.
A guardian golem appears, shielding your allies.
Your yak zombie gores the gargoyle!
The gargoyle hits you but does no damage.
You swap places.
Your yak zombie gores the gargoyle.
The gargoyle hits your guardian golem with a +0 mace!
The gargoyle hurls a stone arrow at you.
The stone arrow hits your guardian golem!!
Your guardian golem overheats!
Your yak zombie gores the gargoyle but does no damage.
The gargoyle hurls a stone arrow at you.
The stone arrow hits your guardian golem.
Flame seeps out of your guardian golem.
Your guardian golem is engulfed in blazing flames.
Flame seeps out of your guardian golem.
The gargoyle hurls a stone arrow at you.
The stone arrow hits your guardian golem!
Your guardian golem disappears in a puff of smoke!
Your guardian golem explodes!
The fiery explosion engulfs the gargoyle!!
The gargoyle is destroyed!
Kikubaaqudgha accepts your kill.
You hear a shout!
Key pressed, stopping explore.
b - 2 scrolls labelled HUQOPAADWI (gained 1)
A komodo dragon comes into view.
A komodo dragon is nearby!
The komodo dragon bites your yak zombie!
Your yak zombie is destroyed!
You reach to attack!
You puncture the komodo dragon!
The komodo dragon is lightly wounded.
You hit the komodo dragon.
The komodo dragon is moderately wounded.
A troll comes into view.
The komodo dragon closely misses you.
You barely miss the komodo dragon.
The komodo dragon is moderately wounded.
The troll shouts!
The komodo dragon bites you!!
You hit the komodo dragon but do no damage.
The komodo dragon is moderately wounded.
The komodo dragon bites you!!
* * * LOW HITPOINT WARNING * * *
You are too injured to fight recklessly!
The komodo dragon attacks as you move away!
The komodo dragon bites you!!
* * * LOW HITPOINT WARNING * * *
A meliai comes into view. It is wielding a +0 hand axe.
Casting: Summon Guardian Golem (dangerous; 3% risk of failure)
Confirm with . or Enter, or press ? or * to list all spells.
A guardian golem appears, shielding your allies.
The meliai buzzes angrily.
The meliai mumbles some strange prayers to its god against you.
Something smites you!
* * * LOW HITPOINT WARNING * * *
The komodo dragon bites you but does no damage.
Okay, then.
Unknown command.
An orc wizard comes into view.
The orc wizard shouts!
A troll comes into view.
The troll shouts!
Kikubaaqudgha calls piteous wretches from the earth!
The komodo dragon barely misses you.
Casting: Summon Guardian Golem (dangerous; 3% risk of failure)
Confirm with . or Enter, or press ? or * to list all spells.
You feel a surge of power!
You call upon the dead to rise.
The meliai hits you but does no damage. The meliai stings you.
* * * LOW HITPOINT WARNING * * *
The komodo dragon bites you but does no damage.
The helpless troll fails to defend itself.
You hit the troll.
You kill the troll!
That felt strangely unrewarding.
The dead are walking!
The meliai closely misses you.
The meliai hits your troll zombie with a +0 hand axe.
The meliai stings you but does no damage.
The meliai invokes the aid of its god against you.
Something smites you!
You die...
Kikubaaqudgha rasps: "You have failed me!
Welcome... oblivion!"

################
...............########
..............ZZZ.Z...#
#######.....#..#####..#
# #.#.#..### #....# #
#.#.#.##Zy##.#..# #
+...#.##..@#(...# #
#.#...##T##lo...# #
#.#.#.#..#.#9#..# #
#.#.#(..T.#..#..## ..
...#.#...##..#...# #.
#..#.#..#..#.#..# # #
.?#.#.###.)#..# #
#$#.## ##..†.# #. .
#.#..#


You could see a komodo dragon (ally target), a troll, a meliai (ally target), an
orc wizard (paralysed), a friendly guardian golem (summoned) and a friendly
troll zombie.

Vanquished Creatures
  Maggie (D:8)
  2 kobold demonologists (D:6)
  A troll (D:10)
  Prince Ribbit (D:6)
  8 yaks
  3 wyverns
  A basilisk (D:9)
  An acid dragon (D:9)
  2 black bears
  A sky beast (D:6)
  2 orc warriors (Bailey)
  A lemure (D:6)
  A centaur (D:7)
  3 kobold brigands
  A phantom (D:4)
  A bullfrog (D:8)
  A scorpion (D:7)
  A wight (D:8)
  2 howler monkeys
  3 hounds
  3 jellies
  An iron imp (D:10)
  An iguana (D:5)
  A sleepcap (D:4)
  9 orc wizards
  2 gnolls (D:9)
  5 adders
  2 ufetubi (D:7)
  12 orcs
  7 endoplasms
  2 giant cockroaches
  13 goblins
  8 hobgoblins
  A jackal (D:5)
  18 kobolds
  4 quokkas (D:1)
  6 ball pythons
  4 bats
  3 rats
139 creatures vanquished.

Vanquished Creatures (collateral kills)
  A nameless horror (D:8)
  3 kobold demonologists
  A shadow (D:10)
  Sigmund (D:5)
  10 yaks
  A basilisk (D:9)
  A steam dragon (D:9)
  Edmund (D:5)
  4 water moccasins
  3 orc warriors
  4 black bears
  An ogre (D:7)
  A centaur (D:9)
  A bullfrog (D:8)
  A gnoll sergeant (D:9)
  A scorpion (D:6)
  7 wights
  A killer bee (D:8)
  A howler monkey (D:6)
  A hound (D:6)
  4 orc priests
  Ijyb (D:3)
  2 iguanas
  4 orc wizards
  Robin (D:3)
  3 gnolls (D:9)
  3 adders
  A white imp (D:8)
  A dart slug (D:5)
  12 orcs
  2 ball pythons
  3 endoplasms
  2 giant cockroaches
  6 goblins
  6 hobgoblins
  2 jackals (D:5)
  3 quokkas
  A bat (D:1)
  A frilled lizard (D:1)
  7 kobolds
  A rat (D:1)
111 creatures vanquished.

Vanquished Creatures (others)
  A two-headed ogre (D:8)
  Pikel (D:5)
  An ugly thing (D:8)
  A gargoyle (D:10)
  A yak (D:9)
  Menkaure (D:7)
  Duvessa (D:5)
  2 orc warriors (Bailey)
  A kobold brigand (D:7)
  Dowan (D:5)
  6 yak zombies
  2 basilisk zombies (D:9)
  A steam dragon zombie (D:9)
  A hobgoblin (Bailey)
  2 orc zombies (D:9)
23 creatures vanquished.

Grand Total: 273 creatures vanquished

Notes
Turn   | Place    | Note
-------+----------+-------------------------------------------
     0 | D:1      | browni3141 the Mummy Summoner began the quest for the Orb.
     0 | D:1      | Reached XP level 1. HP: 13/13 MP: 4/4
   219 | D:1      | Reached XP level 2. HP: 15/20 MP: 1/5
   287 | D:1      | Reached skill level 3 in Spellcasting
   384 | D:1      | Learned a level 2 spell: Call Imp
   716 | D:1      | Gained mutation: You are in touch with the powers of death.
                  | [Mummy growth]
   716 | D:1      | Reached XP level 3. HP: 26/26 MP: 7/7
  1001 | D:1      | Learned a level 3 spell: Call Canine Familiar
  1002 | D:2      | Found a stormy altar of Qazlal.
  1061 | D:2      | Identified the +5 spear "Hith" {vamp, rPois Int+2 Dex+2}
  1407 | D:2      | Found a faded altar of an unknown god.
  1580 | D:3      | Noticed Ijyb
  1594 | D:3      | Killed Ijyb
  1595 | D:3      | Reached XP level 4. HP: 32/32 MP: 4/9
  1662 | D:3      | Noticed Robin
  1688 | D:3      | Killed Robin
  1758 | D:3      | Found Bostril's Weapon Shoppe.
  2116 | D:3      | Reached XP level 5. HP: 30/37 MP: 6/10
  2122 | D:3      | Reached skill level 4 in Spellcasting
  2312 | D:3      | Found a shadowy altar of Dithmenos.
  2609 | D:4      | Identified the +3 hand axe of Eternal Harmony {flame, Will+
                  | rCorr}
  2855 | D:4      | Reached XP level 6. HP: 40/43 MP: 12/12
  3283 | D:4      | Learned a level 3 spell: Summon Guardian Golem
  3288 | D:4      | Learned a level 4 spell: Summon Lightning Spire
  3289 | D:5      | Entered Level 5 of the Dungeon
  3413 | D:5      | Found a stormy altar of Qazlal.
  3460 | D:5      | Reached skill level 3 in Polearms
  3460 | D:5      | Reached skill level 5 in Spellcasting
  3460 | D:5      | Reached XP level 7. HP: 45/48 MP: 8/14
  3712 | D:5      | Noticed Sigmund
  3731 | D:5      | Killed Sigmund
  3732 | D:5      | Reached skill level 6 in Summonings
  3947 | D:5      | Noticed Edmund
  3985 | D:5      | Killed Edmund
  3986 | D:5      | Reached skill level 6 in Spellcasting
  4125 | D:5      | Found a broken altar of Ashenzari.
  4207 | D:5      | Reached XP level 8. HP: 54/54 MP: 12/17
  4307 | D:6      | Noticed Pikel
  4307 | D:6      | Noticed Duvessa
  4314 | D:6      | Noticed Dowan
  4333 | D:5      | Killed Pikel
  4334 | D:5      | Reached skill level 7 in Spellcasting
  4375 | D:5      | Killed Dowan
  4385 | D:5      | Killed Duvessa
  4549 | D:6      | Found a staircase to the Ecumenical Temple.
  4555 | D:6      | Noticed Prince Ribbit
  4597 | D:6      | Killed Prince Ribbit
  4598 | D:6      | Reached skill level 8 in Spellcasting
  4598 | D:6      | Reached XP level 9. HP: 50/59 MP: 16/21
  4602 | Temple   | Entered the Ecumenical Temple
  4804 | Temple   | Became a worshipper of Kikubaaqudgha
  5576 | D:7      | Noticed Menkaure
  5593 | D:7      | Killed Menkaure
  5788 | D:7      | Reached skill level 3 in Necromancy
  6072 | D:7      | Found a burning altar of Makhleb.
  6236 | D:7      | Found the +7 Throatcutter {drain, coup de grace}
  6236 | D:7      | Noticed a kobold demonologist
  6236 | D:7      | Noticed a kobold demonologist
  6236 | D:7      | Noticed a kobold demonologist
  6236 | D:7      | Noticed a kobold demonologist
  6236 | D:7      | Noticed a kobold demonologist
  6238 | D:7      | Noticed an orange demon
  6239 | D:7      | Noticed an orange demon
  6244 | D:7      | Noticed a rust devil
  6245 | D:7      | Noticed a hellwing
  6256 | D:7      | Noticed an orange demon
  6262 | D:7      | Killed a kobold demonologist
  6263 | D:7      | Reached skill level 3 in Fighting
  6268 | D:7      | Noticed a soul eater
  6271 | D:7      | Noticed an orange demon
  6282 | D:7      | Noticed an ice devil
  6298 | D:7      | Noticed a hellwing
  6490 | D:7      | Noticed a rust devil
  6500 | D:6      | Killed a kobold demonologist
  6501 | D:6      | Reached skill level 9 in Spellcasting
  6536 | D:6      | Noticed an ice devil
  6537 | D:6      | Killed a kobold demonologist
  6547 | D:7      | Noticed a smoke demon
  6652 | D:7      | Noticed an ice devil
  6669 | D:6      | Killed a kobold demonologist
  6670 | D:6      | Reached XP level 10. HP: 69/71 MP: 21/23
  6765 | D:7      | Reached skill level 3 in Air Magic
  6792 | D:7      | Reached * piety under Kikubaaqudgha
  6792 | D:7      | Received a gift from Kikubaaqudgha
  6798 | D:7      | Learned a level 4 spell: Animate Dead
  6805 | D:7      | Learned a level 6 spell: Summon Cactus Giant
  6809 | D:7      | Learned a level 3 spell: Mephitic Cloud
  7081 | D:8      | Found a blossoming altar of Fedhas.
  7171 | D:8      | Noticed a two-headed ogre
  7214 | D:8      | Killed a two-headed ogre
  7215 | D:8      | Reached skill level 6 in Necromancy
  7241 | D:8      | Found a flagged portal.
  7291 | Bailey   | Entered a bailey
  7418 | Bailey   | Reached ** piety under Kikubaaqudgha
  7454 | Bailey   | Reached skill level 9 in Summonings
  7475 | Bailey   | Reached skill level 10 in Spellcasting
  7823 | D:8      | Noticed Maggie
  7830 | D:8      | Noticed a nameless horror
  7836 | D:8      | Killed Maggie
  7840 | D:8      | Killed a nameless horror
  7995 | D:8      | Noticed a brown ugly thing
  8006 | D:8      | Killed a brown ugly thing
  8190 | D:8      | Found a sparkling altar of Nemelex Xobeh.
  8229 | D:8      | Found an ornate altar of the Wu Jian Council.
  8403 | D:9      | Found a sacrificial altar of Ru.
  8459 | D:8      | Reached XP level 11. HP: 39/77 MP: 13/25
  8611 | D:9      | Reached *** piety under Kikubaaqudgha
  8611 | D:9      | Received a gift from Kikubaaqudgha
  8628 | D:9      | Found a hazy altar of Hepliaklqana.
  8676 | D:9      | Found a staircase to the Lair.
  8760 | D:9      | Found an iron altar of Okawaru.
  8928 | D:9      | Found a radiant altar of Vehumet.
  9153 | D:10     | Entered Level 10 of the Dungeon
  9165 | D:10     | Reached **** piety under Kikubaaqudgha
  9180 | D:10     | Reached skill level 11 in Spellcasting
  9235 | D:10     | Found a runed translucent gate.
  9236 | D:10     | Found a runed translucent gate.
  9299 | D:10     | Found a runed translucent gate.
  9306 | D:10     | Found a viscous altar of Jiyva.
  9306 | D:10     | Noticed Kelyas's ghost (novice SpEn)
  9306 | D:10     | Noticed a great orb of eyes
  9339 | D:10     | Found Ceul's Antique Armour Shop.
  9425 | D:10     | Found a snail-covered altar of Cheibriados.
  9682 | D:10     | Learned a level 4 spell: Dispel Undead
  9801 | D:10     | Reached skill level 9 in Necromancy
  9893 | D:10     | Killed from afar by a meliai

Illustrated notes

Levels and vault maps discovered:
D:1:      amcnicky_arrival_flooded_fountain, layout_loops_ring
D:2:      layout_loops_ring, serial_glass, glass_columns_a, glass_columns_a,
          hellmonk_ecumenical_altar_defaced_shrine, basic_altar
D:3:      layout_loops_corners, nicolae_dithmenos_the_darkroom, serial_shops,
          shop_statue, uniq_ijyb, uniq_robin
D:4:      layout_basic
D:5:      layout_rooms, nicolae_ashenzari_panopticon,
          mainiacjoe_overflow_tiny_flanked, sigmund_edmund_badplayer
D:6:      layout_basic, minmay_temple_entry_glass, minivault_5,
          uniq_prince_ribbit1, uniq_duvessa, uniq_pikel
D:7:      layout_loops_corners, mainiacjoe_overflow_boulevard,
          dilly_guarded_unrand_throatcut, uniq_menkaure
D:8:      layout_cave_pools, mainiacjoe_overflow_alcove_4,
          nicolae_wu_jian_immortal_techniques,
          mainiacjoe_overflow_cross_hatched, mainiacjoe_overflow_brackets,
          enter_bailey_4, uniq_maggie
D:9:      layout_cross, old_standard_altar, grunt_temple_overflow_open,
          minmay_lair_entry_grove
D:10:     layout_loops_ring, chei_slow_surprise, gammafunk_ghost_ooze,
          serial_shops, shop, minmay_shattered_shrine
Temple:   chequers_temple_sunken

Skill      XL: |  1  2  3  4  5  6  7  8  9 10 11 |
---------------+----------------------------------+-----
Spellcasting   | 3 4 5 6 8 9 10 11 | 11.1
Fighting       | 1 3 4 |  4.0
Summonings     | 4 5 6 8 9 10 | 10.3
Polearms       | 1 2 3 |  3.0
Necromancy     | 5 7 9 |  9.0
Air Magic      | 2 3 |  3.0
Dodging        | |  1.5
Stealth        | |  1.5
Conjurations   | |  0.9
Poison Magic   | |  0.9

Action                     |  1- 3 |  4- 6 |  7- 9 | 10-12 || total
---------------------------+-------+-------+-------+-------++-------
  Melee: Unarmed           |    20 |       |       |       ||    20
         Dagger            |   115 |       |       |       ||   115
         Punch             |     2 |       |     2 |     2 ||     6
         Spear             |    20 |   118 |   194 |   348 ||   680
   Cast: Summon Small Mamm |    17 |       |       |       ||    17
         Call Imp          |    14 |    12 |    15 |     6 ||    47
         Call Canine Famil |     1 |     7 |    15 |    15 ||    38
         Summon Guardian G |       |       |    12 |    11 ||    23
         Summon Lightning  |       |       |     4 |     3 ||     7
         Summon Cactus Gia |       |       |       |     3 ||     3
         Animate Dead      |       |       |       |     3 ||     3
 Invoke: Unearth Wretches  |       |       |       |     1 ||     1
  Evoke: Wand              |       |       |       |     1 ||     1
    Use: Scroll            |     1 |       |       |       ||     1
   Stab: Sleeping          |     1 |     3 |     1 |     1 ||     6
         Distracted        |     1 |       |     3 |     2 ||     6
         Paralysed         |       |       |       |     1 ||     1
 Armour: Robe              |    64 |       |       |       ||    64
         Leather armour    |       |    46 |    81 |    64 ||   191
         Acid dragon scale |       |       |       |    72 ||    72
  Dodge: Dodged            |   116 |    73 |    97 |   197 ||   483
